Construct Weapon Support Center
Selects Airborne Battlegroup
Selects Heavy Machine Gun Paradrop
Selects Heavy Machine Gun Paradrop
Heavy Machine Gun Paradrop
Selects Paratrooper Squad Paradrop
Selects Paratrooper Squad Paradrop
Paratrooper Squad Paradrop
Mechanized Support Center
Construct Medical Station